 Dungeon Sprint DCSS version 0.17-a0-1534-gf98da79 (webtiles) character file.

560 ztt the Unseen (level 7, -11/32 HPs)
             Began as a Spriggan Enchanter on July 17, 2015.
             Mangled by a slime creature (20 damage)
             ... in the Dungeon (Sprint V: "Ziggurat Sprint").
             The game lasted 00:06:18 (811 turns).

ztt the Unseen (Spriggan Enchanter)                  Turns: 811, Time: 00:06:18

Health: -11/32     AC:  4    Str:  4    XL:     7   Next: 9%
Magic:  13/17      EV: 21    Int: 29    God:
Gold:   0          SH:  0    Dex: 18    Spells: 6 memorised, 6 levels left

rFire  . . .     SeeInvis +     n - +5 quick blade
rCold  . . .     Clarity  .     A - +2 robe {Archmagi}
rNeg   . . .     SustAt   .     (shield restricted)
rPois  .         Gourm    .     (helmet restricted)
rElec  .         Spirit   .     (no cloak)
rCorr  .         Warding  .     (gloves unavailable)
rMut   .         NoTele   +     (boots unavailable)
MR     +....                    (no amulet)
Stlth  ++++++++..               I - +6 ring of intelligence
                                J - +6 ring of intelligence

@: very quick, somewhat resistant to hostile enchantments, extraordinarily
stealthy
A: unfitting armour, see invisible, herbivore 3, speed 3, slow metabolism 2, no
device heal 1
a: no special abilities


You were in the Dungeon.
You were not hungry.

You visited 1 branch

Inventory:

Hand weapons
 a - a +1 dagger of venom
 k - a +5 arbalest
 l - a +5 hand crossbow
 n - a +5 quick blade (weapon)
Missiles
 m - 1000 bolts
Armour
 A - a +2 robe of the Archmagi (worn)
Jewellery
 b - a +2 ring of evasion
 G - a +6 ring of dexterity
 H - a +6 ring of dexterity
 I - a +6 ring of intelligence (right hand)
 J - a +6 ring of intelligence (left hand)
 K - a +6 ring of strength
 L - a +6 ring of strength
Magical devices
 y - a wand of disintegration (7)
 D - a wand of fire (5)
 E - a wand of cold (5)
 F - a wand of draining (5)
Scrolls
 j - 4 scrolls of blinking
 p - 4 scrolls of amnesia
 q - 3 scrolls of recharging
 r - 7 scrolls of fog
 s - a scroll of holy word
 t - 5 scrolls of identify
 u - 5 scrolls of remove curse
 v - 2 scrolls of fear
Potions
 e - 8 potions of curing
 f - 8 potions of heal wounds
 g - 6 potions of haste
 h - 6 potions of magic
 i - 3 potions of berserk rage
 w - 2 potions of brilliance
 x - 2 potions of invisibility
 z - 4 potions of resistance
 B - 5 potions of agility
 C - 5 potions of might
Books
 c - a book of Maledictions

   Spells                             Type                      Level
   a - Corona                         Hexes                        1
   b - Ensorcelled Hibernation        Hexes/Ice                    2
   c - Confuse                        Hexes                        3
   d - Tukima's Dance                 Hexes                        3
   e - Dazzling Spray                 Conjuration/Hexes            3
 M - a book of Beasts

   Spells                             Type                      Level
   a - Summon Butterflies             Summoning                    1
   b - Call Canine Familiar           Summoning                    3
   c - Summon Ice Beast               Ice/Summoning                4
   d - Summon Mana Viper              Hexes/Summoning              5
   e - Summon Hydra                   Summoning                    7
Comestibles
 d - 5 bread rations
 o - 42 fruits


   Skills:
 + Level 0.1 Fighting
 + Level 1.2 Short Blades
 + Level 5.7 Dodging
 * Level 17.7 Stealth
 + Level 6.5 Spellcasting
 + Level 0.4 Conjurations
 + Level 9.2 Hexes
 + Level 2.0 Ice Magic


You had 6 spell levels left.
You knew the following spells:

 Your Spells              Type           Power        Failure   Level  Hunger
a - Corona                Hex            #######      1%          1    None
b - Ensorcelled Hibernat  Hex/Ice        ######       1%          2    None
c - Confuse               Hex            #######.     1%          3    None
d - Tukima's Dance        Hex            #######.     1%          3    None
e - Dazzling Spray        Conj/Hex       ######..     2%          3    None
f - Summon Butterflies    Summ           ##......     6%          1    None


Dungeon Overview and Level Annotations

Branches:
Dungeon (1/1)

Altars:
Ashenzari
Cheibriados
Dithmenos
Elyvilon
Fedhas
Gozag
Kikubaaqudgha
Makhleb
Nemelex Xobeh
Okawaru
Qazlal
Ru
Sif Muna
Trog
Vehumet
Xom
Yredelemnul
Zin
The Shining One
Beogh
Jiyva
Lugonu


Innate Abilities, Weirdness & Mutations

You are tiny and cannot use many weapons and most armour.
You have supernaturally acute eyesight.
You are a herbivore.
You cover ground extremely quickly.
You need consume almost no food.
Potions and wands are less effective at restoring your health.


Message History

You bump into the unnaturally hard rock wall.
The golden eye blinks at you. You resist with some effort.
The slime creature hits you. The slime creature closely misses you.
The golden eye blinks at you.
You are more confused.
The shining eye gazes at you.
Strange energies course through your body.
Your system partially rejects artificial healing.
The slime creature misses you.
The golden eye blinks!
You hit the slime creature.
The slime creature is severely wounded.
The slime creature hits you!
* * * LOW HITPOINT WARNING * * *
You bump into the unnaturally hard rock wall.
The slime creature misses you.
Drink which item? (? for menu, Esc to quit)
You feel better. The slime creature hits you!!
Ouch! That really hurt!
You die...

▓..8©8..▓
▓..|\G..▓
▓..}|)..▓
▓.......▓
▓.......▓
▓..GG...▓
▓.....JG▓
▓.▓..G▓J▓
▓......@▓
▓▓▓▓▓▓▓▓▓


You could see a slime creature, 2 shining eyes, an ooze and 2 golden eyes.

Vanquished Creatures
  A water moccasin (D)
  2 black bears (D)
  A crimson imp (D)
  2 iron imps (D)
  A quasit (D)
  An orc priest (D)
  2 orc wizards (D)
  A sheep (D)
  A river rat (D)
  2 adders (D)
  2 ball pythons (D)
  2 jackals (D)
18 creatures vanquished.

Notes
Turn   | Place    | Note
--------------------------------------------------------------
     0 | D        | ztt the Spriggan Enchanter began the quest for the Orb.
     0 | D        | Reached XP level 1. HP: 9/9 MP: 5/5
     2 | D        | Found an iron altar of Okawaru.
     2 | D        | Found a radiant altar of Vehumet.
     2 | D        | Found a shimmering altar of Xom.
     2 | D        | Found a burning altar of Makhleb.
    12 | D        | Found a deep blue altar of Sif Muna.
    14 | D        | Found a sparkling altar of Nemelex Xobeh.
    14 | D        | Found a white marble altar of Elyvilon.
    14 | D        | Found a bloodstained altar of Trog.
    14 | D        | Found a corrupted altar of Lugonu.
    14 | D        | Found a roughly hewn altar of Beogh.
    19 | D        | Found a viscous altar of Jiyva.
    39 | D        | Reached skill level 12 in Stealth
    39 | D        | Reached XP level 2. HP: 13/13 MP: 6/6
    43 | D        | Learned a level 2 spell: Ensorcelled Hibernation
    45 | D        | Entered arena 1.
    45 | D        | Noticed a black bear
    45 | D        | Noticed a black bear
    50 | D        | Killed a black bear
    50 | D        | Reached skill level 13 in Stealth
    50 | D        | Reached skill level 5 in Hexes
    50 | D        | Reached XP level 3. HP: 11/16 MP: 2/9
    50 | D        | Reached XP level 4. HP: 14/21 MP: 2/11
    57 | D        | Killed a black bear
    57 | D        | Reached skill level 14 in Stealth
    57 | D        | Reached skill level 5 in Spellcasting
    57 | D        | Reached skill level 1 in Ice Magic
    57 | D        | Reached XP level 5. HP: 8/24 MP: 9/13
   255 | D        | Entered arena 2.
   255 | D        | Noticed an orc wizard
   255 | D        | Noticed an orc wizard
   255 | D        | Noticed an orc priest
   260 | D        | Killed an orc wizard
   260 | D        | Reached skill level 15 in Stealth
   261 | D        | Killed an orc wizard
   262 | D        | Killed an orc priest
   262 | D        | Reached skill level 5 in Dodging
   262 | D        | Reached XP level 6. HP: 28/28 MP: 15/15
   286 | D        | Learned a level 3 spell: Confuse
   290 | D        | Learned a level 3 spell: Tukima's Dance
   294 | D        | Learned a level 3 spell: Dazzling Spray
   294 | D        | Entered arena 3.
   306 | D        | Reached skill level 16 in Stealth
   380 | D        | Entered arena 4.
   380 | D        | Noticed a quasit
   380 | D        | Noticed an iron imp
   380 | D        | Noticed an iron imp
   380 | D        | Noticed a crimson imp
   381 | D        | Killed a quasit
   383 | D        | Killed a crimson imp
   437 | D        | Killed an iron imp
   454 | D        | Killed an iron imp
   454 | D        | Reached skill level 17 in Stealth
   564 | D        | Entered arena 5.
   564 | D        | Noticed a water moccasin
   586 | D        | Killed a water moccasin
   586 | D        | Reached XP level 7. HP: 22/32 MP: 3/17
   782 | D        | Learned a level 1 spell: Summon Butterflies
   783 | D        | Entered arena 6.
   783 | D        | Noticed a golden eye
   783 | D        | Noticed a golden eye
   783 | D        | Noticed a slime creature
   783 | D        | Noticed a shining eye
   783 | D        | Noticed a shining eye
   807 | D        | Gained mutation: Potions and wands are less effective at restoring your health. [a shining eye]
   811 | D        | Mangled by a slime creature

Vault maps used:
D:        sprint_v

Action                   |  1- 3 |  4- 6 |  7- 9 || total
-------------------------+-------+-------+-------++-------
Melee: Dagger            |     1 |    13 |       ||    14
       Quick blade       |       |     7 |     5 ||    12
 Cast: Ensorcelled Hiber |     2 |    10 |     3 ||    15
       Dazzling Spray    |       |     7 |       ||     7
       Confuse           |       |     3 |       ||     3
  Use: Potion            |     1 |     1 |     4 ||     6
       Scroll            |       |     1 |       ||     1
 Stab: Sleeping          |     1 |    10 |     1 ||    12
       Confused          |       |     2 |       ||     2
